2861 views
Uploaded 2019-12-15 13:26:55
Game version 1.32.0.4
31:03 long 3on3 ladder game on (6)BloodstoneMesa_LV
Saved by BEARAND
2861 views
Uploaded 2019-12-15 13:26:55
Game version 1.32.0.4
31:03 long 3on3 ladder game on (6)BloodstoneMesa_LV


99 units @ 9.6k
/ 0.8k
384 buildings @ 22.7k
/ 13.2k
BEARAND
(31:06) : 


x1)
| Staff of Sanctuary | 3 | 750 |
| Boots of Speed | 3 | 750 |
| Staff of Teleportation | 3 | 450 |
| Periapt of Vitality | 3 | 975 |
| Tome of Retraining | 1 | 300 |
| Orb of Lightning | 2 | 750 |
| total: | 15 | 3975g |
| Peasant | 24 | 1800 | / | 0 |
| Priest | 1 | 135 | / | 10 |
| Gryphon Rider | 3 | 840 | / | 210 |
| Dragonhawk Rider | 3 | 600 | / | 90 |
| Sorceress | 1 | 155 | / | 20 |
| total: | 32 | 3530g | / | 330w |
| Scout Tower | 105 | 3150 | / | 2100 |
| Arcane Tower | 5 | 350 | / | 250 |
| Guard Tower | 43 | 3010 | / | 2150 |
| Altar of Kings | 1 | 180 | / | 50 |
| Farm | 5 | 400 | / | 100 |
| Lumber Mill | 1 | 120 | / | 0 |
| Town Hall | 2 | 770 | / | 410 |
| Arcane Vault | 2 | 260 | / | 60 |
| Blacksmith | 1 | 140 | / | 60 |
| Barracks | 1 | 160 | / | 60 |
| Arcane Sanctum | 1 | 150 | / | 140 |
| Gryphon Aviary | 1 | 140 | / | 150 |
| Keep | 1 | 320 | / | 210 |
| Castle | 2 | 720 | / | 420 |
| total: | 120 | 5470g | / | 3130w |
| 0:02 | Peasant |
| 0:02 | Peasant |
| 0:07 | Altar of Kings |
| 0:14 | Peasant |
| 0:18 | Farm |
| 0:27 | Farm |
| 0:37 | Peasant |
| 0:47 | Scout Tower |
| 0:47 | Peasant |
| 0:53 | Peasant |
| 1:04 | Lumber Mill |
| 1:08 | Peasant |
| 1:14 | Scout Tower |
| 1:27 | Peasant |
| 1:35 | Peasant |
| 1:37 | Peasant |
| 1:38 | Arcane Tower |
| 1:51 | Peasant |
| 2:03 | Scout Tower |
| 2:04 | Peasant |
| 2:07 | Guard Tower |
| 2:17 | Summon Water Elemental |
| 2:30 | Scout Tower |
| 2:35 | Guard Tower |
| 2:40 | Peasant |
| 2:40 | Peasant |
| 2:48 | Scout Tower |
| 2:58 | Peasant |
| 3:08 | Guard Tower |
| 3:16 | Scout Tower |
| 3:56 | Keep |
| 3:58 | Brilliance Aura |
| 4:06 | Town Hall |
| 4:25 | Scout Tower |
| 4:26 | Scout Tower |
| 4:27 | Scout Tower |
| 4:27 | Scout Tower |
| 4:53 | Arcane Tower |
| 4:56 | Improved Masonry |
| 4:57 | Guard Tower |
| 5:15 | Peasant |
| 5:15 | Peasant |
| 5:15 | Peasant |
| 5:15 | Peasant |
| 5:15 | Peasant |
| 5:51 | Boots of Speed |
| 5:51 | Staff of Teleportation |
| 6:01 | Guard Tower |
| 6:03 | Scout Tower |
| 6:04 | Scout Tower |
| 6:05 | Scout Tower |
| 6:12 | Guard Tower |
| 6:18 | Scout Tower |
| 6:19 | Scout Tower |
| 6:19 | Scout Tower |
| 6:20 | Scout Tower |
| 6:20 | Scout Tower |
| 6:21 | Scout Tower |
| 6:21 | Scout Tower |
| 6:22 | Scout Tower |
| 6:22 | Scout Tower |
| 6:23 | Scout Tower |
| 6:25 | Scout Tower |
| 6:26 | Scout Tower |
| 7:02 | Guard Tower |
| 7:03 | Guard Tower |
| 7:06 | Guard Tower |
| 7:10 | Advanced Masonry |
| 7:11 | Improved Lumber Harvesting |
| 7:14 | Storm Bolt |
| 7:32 | Guard Tower |
| 7:33 | Scout Tower |
| 7:35 | Scout Tower |
| 7:36 | Scout Tower |
| 7:36 | Scout Tower |
| 7:37 | Scout Tower |
| 7:37 | Guard Tower |
| 7:41 | Castle |
| 8:02 | Guard Tower |
| 8:04 | Farm |
| 8:04 | Farm |
| 8:05 | Farm |
| 8:13 | Boots of Speed |
| 8:13 | Staff of Teleportation |
| 8:23 | Guard Tower |
| 8:37 | Summon Water Elemental |
| 9:22 | Bash |
| 9:30 | Guard Tower |
| 10:53 | Scout Tower |
| 10:54 | Scout Tower |
| 10:54 | Scout Tower |
| 10:54 | Scout Tower |
| 10:55 | Scout Tower |
| 10:55 | Scout Tower |
| 10:56 | Scout Tower |
| 10:56 | Scout Tower |
| 10:57 | Scout Tower |
| 10:58 | Scout Tower |
| 10:58 | Scout Tower |
| 11:10 | Arcane Vault |
| 11:12 | Guard Tower |
| 11:16 | Arcane Vault |
| 11:18 | Arcane Sanctum |
| 11:19 | Imbued Masonry |
| 11:19 | Advanced Lumber Harvesting |
| 11:30 | Holy Light |
| 11:32 | Guard Tower |
| 11:52 | Guard Tower |
| 11:55 | Peasant |
| 11:56 | Peasant |
| 11:57 | Peasant |
| 11:57 | Peasant |
| 12:06 | Guard Tower |
| 12:16 | Boots of Speed |
| 12:16 | Staff of Teleportation |
| 12:16 | Periapt of Vitality |
| 12:25 | Guard Tower |
| 12:30 | Staff of Sanctuary |
| 12:35 | Staff of Sanctuary |
| 12:57 | Magic Sentry |
| 12:58 | Priest |
| 12:59 | Priest Adept Training |
| 13:08 | Scout Tower |
| 13:09 | Scout Tower |
| 13:10 | Scout Tower |
| 13:10 | Scout Tower |
| 13:30 | Tome of Retraining |
| 13:30 | Retrain Hero |
| 13:47 | Guard Tower |
| 13:49 | Arcane Tower |
| 13:50 | Guard Tower |
| 13:52 | Guard Tower |
| 13:53 | Guard Tower |
| 13:53 | Guard Tower |
| 14:08 | Town Hall |
| 14:10 | Guard Tower |
| 14:26 | Arcane Tower |
| 14:37 | Staff of Sanctuary |
| 15:10 | Guard Tower |
| 15:12 | Scout Tower |
| 15:12 | Scout Tower |
| 15:13 | Scout Tower |
| 15:13 | Scout Tower |
| 15:15 | Scout Tower |
| 15:16 | Scout Tower |
| 15:16 | Scout Tower |
| 15:18 | Scout Tower |
| 15:18 | Scout Tower |
| 15:47 | Guard Tower |
| 15:47 | Guard Tower |
| 16:41 | Blizzard |
| 16:41 | Brilliance Aura |
| 16:41 | Blizzard |
| 16:43 | Storm Bolt |
| 16:54 | Guard Tower |
| 17:14 | Guard Tower |
| 18:05 | Divine Shield |
| 18:52 | Guard Tower |
| 18:57 | Gryphon Aviary |
| 18:58 | Blacksmith |
| 19:00 | Barracks |
| 19:10 | Orb of Lightning |
| 19:53 | Orb of Lightning |
| 20:34 | Periapt of Vitality |
| 20:52 | Gryphon Rider |
| 21:02 | Dragonhawk Rider |
| 21:18 | Cloud |
| 21:45 | Brilliance Aura |
| 22:52 | Scout Tower |
| 22:54 | Scout Tower |
| 22:54 | Scout Tower |
| 23:10 | Gryphon Rider |
| 23:11 | Dragonhawk Rider |
| 23:15 | Animal War Training |
| 23:18 | Scout Tower |
| 23:18 | Scout Tower |
| 23:19 | Scout Tower |
| 23:19 | Scout Tower |
| 23:21 | Scout Tower |
| 23:21 | Scout Tower |
| 23:21 | Scout Tower |
| 23:22 | Scout Tower |
| 23:25 | Sorceress Adept Training |
| 23:26 | Priest Master Training |
| 23:28 | Iron Forged Swords |
| 23:28 | Studded Leather Armor |
| 24:02 | Scout Tower |
| 24:03 | Scout Tower |
| 24:03 | Scout Tower |
| 24:04 | Scout Tower |
| 24:04 | Scout Tower |
| 24:05 | Scout Tower |
| 24:05 | Scout Tower |
| 24:06 | Scout Tower |
| 24:06 | Scout Tower |
| 24:07 | Scout Tower |
| 24:09 | Periapt of Vitality |
| 24:16 | Guard Tower |
| 24:19 | Scout Tower |
| 24:20 | Scout Tower |
| 24:39 | Holy Light |
| 25:27 | Bash |
| 27:48 | Blizzard |
| 28:31 | Guard Tower |
| 28:33 | Arcane Tower |
| 28:36 | Gryphon Rider |
| 28:37 | Dragonhawk Rider |
| 28:39 | Sorceress |
| 28:41 | Steel Forged Swords |
| 28:41 | Reinforced Leather Armor |
| 28:48 | Scout Tower |
| 28:49 | Scout Tower |
| 28:50 | Scout Tower |
| 28:50 | Scout Tower |
| 28:51 | Scout Tower |
| 28:52 | Scout Tower |
| 28:52 | Scout Tower |
| 28:55 | Scout Tower |
| 28:55 | Scout Tower |
| 28:56 | Scout Tower |
| 28:56 | Scout Tower |
| 29:07 | Scout Tower |
| 29:08 | Scout Tower |
| 29:08 | Scout Tower |
| 29:08 | Scout Tower |
| 29:09 | Scout Tower |
| 29:09 | Scout Tower |
| 29:10 | Scout Tower |
| 29:11 | Scout Tower |
| 29:11 | Scout Tower |
| 29:12 | Scout Tower |
| 29:19 | Guard Tower |
| 29:45 | Guard Tower |
| 29:51 | Scout Tower |
| 29:52 | Scout Tower |
| 29:52 | Scout Tower |
| 29:53 | Scout Tower |
| 29:53 | Scout Tower |
| 29:54 | Scout Tower |
| 29:56 | Scout Tower |
| 30:54 | Storm Bolt |
| Right click | 2328 |
| Select | 678 |
| Select group | 467 |
| Build/train/purchase | 193 |
| Chat | 92 |
| Use ability | 81 |
| Resource trade | 51 |
| Assign group | 28 |
| Misc. action | 17 |
| Minimap ping | 10 |
| Item give/drop | 8 |
| Remove unit | 8 |



x1)
| Lesser Clarity Potion | 1 | 70 |
| Staff of Sanctuary | 3 | 750 |
| Staff of Teleportation | 3 | 450 |
| Boots of Speed | 3 | 750 |
| Periapt of Vitality | 4 | 1300 |
| Tome of Retraining | 1 | 300 |
| Circlet of Nobility | 1 | 175 |
| Healing Salve | 2 | 200 |
| Orb of Lightning | 2 | 750 |
| total: | 20 | 4745g |
| Peasant | 24 | 1800 | / | 0 |
| Priest | 1 | 135 | / | 10 |
| total: | 25 | 1935g | / | 10w |
| Scout Tower | 170 | 5100 | / | 3400 |
| Arcane Tower | 10 | 700 | / | 500 |
| Guard Tower | 50 | 3500 | / | 2500 |
| Altar of Kings | 1 | 180 | / | 50 |
| Farm | 5 | 400 | / | 100 |
| Lumber Mill | 3 | 360 | / | 0 |
| Town Hall | 3 | 1155 | / | 615 |
| Arcane Vault | 3 | 390 | / | 90 |
| Blacksmith | 1 | 140 | / | 60 |
| Barracks | 1 | 160 | / | 60 |
| Arcane Sanctum | 1 | 150 | / | 140 |
| Gryphon Aviary | 1 | 140 | / | 150 |
| Keep | 1 | 320 | / | 210 |
| Castle | 1 | 360 | / | 210 |
| total: | 189 | 8175g | / | 4665w |
| 0:03 | Peasant |
| 0:03 | Peasant |
| 0:09 | Altar of Kings |
| 0:11 | Farm |
| 0:13 | Farm |
| 0:16 | Peasant |
| 0:28 | Peasant |
| 0:52 | Scout Tower |
| 0:54 | Scout Tower |
| 0:57 | Scout Tower |
| 1:01 | Peasant |
| 1:09 | Farm |
| 1:18 | Lumber Mill |
| 1:19 | Peasant |
| 1:19 | Peasant |
| 1:24 | Arcane Tower |
| 1:26 | Scout Tower |
| 1:27 | Lumber Mill |
| 1:32 | Peasant |
| 1:32 | Peasant |
| 1:43 | Peasant |
| 1:55 | Scout Tower |
| 2:09 | Scout Tower |
| 2:11 | Summon Water Elemental |
| 2:20 | Peasant |
| 2:20 | Peasant |
| 2:21 | Peasant |
| 2:30 | Guard Tower |
| 2:51 | Arcane Tower |
| 3:03 | Peasant |
| 3:04 | Peasant |
| 3:04 | Peasant |
| 4:18 | Brilliance Aura |
| 4:37 | Peasant |
| 4:54 | Town Hall |
| 5:02 | Keep |
| 5:06 | Scout Tower |
| 5:06 | Scout Tower |
| 5:08 | Scout Tower |
| 5:15 | Scout Tower |
| 5:15 | Guard Tower |
| 5:21 | Staff of Teleportation |
| 5:21 | Boots of Speed |
| 5:30 | Healing Salve |
| 5:30 | Healing Salve |
| 5:30 | Lesser Clarity Potion |
| 5:34 | Scout Tower |
| 5:36 | Scout Tower |
| 5:37 | Scout Tower |
| 5:56 | Peasant |
| 5:56 | Peasant |
| 6:00 | Arcane Tower |
| 6:09 | Guard Tower |
| 6:20 | Guard Tower |
| 6:24 | Peasant |
| 6:24 | Peasant |
| 6:37 | Guard Tower |
| 6:38 | Guard Tower |
| 6:48 | Guard Tower |
| 6:51 | Scout Tower |
| 6:53 | Scout Tower |
| 6:54 | Scout Tower |
| 7:03 | Scout Tower |
| 7:06 | Scout Tower |
| 7:09 | Improved Masonry |
| 7:30 | Guard Tower |
| 7:41 | Guard Tower |
| 7:46 | Arcane Tower |
| 7:49 | Guard Tower |
| 8:00 | Guard Tower |
| 8:03 | Scout Tower |
| 8:04 | Scout Tower |
| 8:08 | Peasant |
| 8:08 | Peasant |
| 8:09 | Peasant |
| 8:18 | Arcane Sanctum |
| 8:23 | Storm Bolt |
| 8:31 | Scout Tower |
| 8:32 | Scout Tower |
| 8:36 | Improved Lumber Harvesting |
| 8:44 | Guard Tower |
| 8:53 | Summon Water Elemental |
| 9:05 | Guard Tower |
| 9:10 | Scout Tower |
| 9:28 | Scout Tower |
| 9:29 | Scout Tower |
| 9:32 | Scout Tower |
| 9:33 | Scout Tower |
| 9:36 | Scout Tower |
| 9:38 | Scout Tower |
| 9:53 | Guard Tower |
| 9:55 | Scout Tower |
| 9:55 | Scout Tower |
| 10:02 | Castle |
| 10:06 | Bash |
| 10:12 | Magic Sentry |
| 11:07 | Guard Tower |
| 11:12 | Scout Tower |
| 11:13 | Scout Tower |
| 11:14 | Scout Tower |
| 11:14 | Scout Tower |
| 11:17 | Guard Tower |
| 11:19 | Guard Tower |
| 11:22 | Arcane Vault |
| 11:23 | Arcane Vault |
| 11:24 | Arcane Vault |
| 11:26 | Advanced Masonry |
| 11:29 | Scout Tower |
| 11:30 | Scout Tower |
| 11:31 | Scout Tower |
| 11:31 | Scout Tower |
| 11:35 | Farm |
| 11:45 | Boots of Speed |
| 11:51 | Periapt of Vitality |
| 12:02 | Guard Tower |
| 12:07 | Scout Tower |
| 12:09 | Scout Tower |
| 12:12 | Guard Tower |
| 12:16 | Scout Tower |
| 12:16 | Scout Tower |
| 12:17 | Scout Tower |
| 12:34 | Advanced Lumber Harvesting |
| 12:42 | Guard Tower |
| 12:48 | Scout Tower |
| 12:48 | Scout Tower |
| 13:33 | Guard Tower |
| 13:39 | Arcane Tower |
| 13:42 | Arcane Tower |
| 13:51 | Holy Light |
| 13:56 | Scout Tower |
| 13:56 | Scout Tower |
| 13:58 | Scout Tower |
| 14:00 | Scout Tower |
| 14:01 | Scout Tower |
| 14:02 | Scout Tower |
| 14:02 | Scout Tower |
| 14:03 | Imbued Masonry |
| 14:05 | Staff of Sanctuary |
| 14:07 | Staff of Sanctuary |
| 14:09 | Staff of Sanctuary |
| 14:16 | Guard Tower |
| 14:19 | Guard Tower |
| 14:28 | Staff of Teleportation |
| 14:31 | Periapt of Vitality |
| 14:33 | Boots of Speed |
| 14:51 | Scout Tower |
| 14:52 | Scout Tower |
| 14:52 | Scout Tower |
| 14:53 | Scout Tower |
| 14:54 | Scout Tower |
| 14:54 | Scout Tower |
| 15:02 | Scout Tower |
| 15:04 | Scout Tower |
| 15:05 | Scout Tower |
| 15:45 | Tome of Retraining |
| 15:45 | Retrain Hero |
| 15:48 | Blizzard |
| 15:48 | Blizzard |
| 15:49 | Brilliance Aura |
| 15:55 | Staff of Teleportation |
| 15:57 | Periapt of Vitality |
| 16:06 | Circlet of Nobility |
| 16:13 | Guard Tower |
| 16:16 | Scout Tower |
| 16:17 | Scout Tower |
| 16:25 | Guard Tower |
| 16:27 | Scout Tower |
| 16:27 | Scout Tower |
| 16:28 | Scout Tower |
| 16:29 | Scout Tower |
| 16:30 | Scout Tower |
| 16:35 | Orb of Lightning |
| 16:45 | Guard Tower |
| 16:47 | Scout Tower |
| 16:49 | Scout Tower |
| 16:51 | Scout Tower |
| 16:52 | Scout Tower |
| 16:56 | Scout Tower |
| 16:57 | Scout Tower |
| 16:59 | Scout Tower |
| 17:00 | Scout Tower |
| 17:00 | Scout Tower |
| 18:05 | Storm Bolt |
| 18:15 | Brilliance Aura |
| 18:48 | Guard Tower |
| 18:49 | Scout Tower |
| 18:50 | Scout Tower |
| 18:51 | Scout Tower |
| 18:52 | Scout Tower |
| 18:53 | Scout Tower |
| 18:53 | Scout Tower |
| 18:54 | Scout Tower |
| 18:55 | Scout Tower |
| 18:59 | Scout Tower |
| 18:59 | Scout Tower |
| 19:00 | Scout Tower |
| 19:04 | Farm |
| 19:09 | Guard Tower |
| 19:16 | Scout Tower |
| 19:16 | Scout Tower |
| 19:17 | Scout Tower |
| 19:17 | Scout Tower |
| 19:18 | Scout Tower |
| 19:19 | Scout Tower |
| 19:25 | Scout Tower |
| 19:25 | Scout Tower |
| 19:26 | Scout Tower |
| 19:27 | Scout Tower |
| 19:39 | Divine Shield |
| 19:55 | Guard Tower |
| 19:59 | Scout Tower |
| 20:00 | Scout Tower |
| 20:00 | Scout Tower |
| 20:23 | Periapt of Vitality |
| 20:27 | Orb of Lightning |
| 20:39 | Priest |
| 20:40 | Priest Adept Training |
| 20:45 | Guard Tower |
| 20:49 | Blacksmith |
| 21:01 | Arcane Tower |
| 21:10 | Arcane Tower |
| 21:17 | Barracks |
| 21:19 | Gryphon Aviary |
| 21:28 | Guard Tower |
| 21:36 | Scout Tower |
| 21:37 | Scout Tower |
| 21:38 | Guard Tower |
| 22:31 | Guard Tower |
| 22:33 | Scout Tower |
| 22:34 | Scout Tower |
| 22:35 | Scout Tower |
| 22:36 | Scout Tower |
| 22:36 | Scout Tower |
| 22:37 | Scout Tower |
| 22:37 | Scout Tower |
| 22:50 | Lumber Mill |
| 22:55 | Guard Tower |
| 23:04 | Scout Tower |
| 23:05 | Scout Tower |
| 23:06 | Scout Tower |
| 23:06 | Scout Tower |
| 23:12 | Guard Tower |
| 23:28 | Arcane Tower |
| 24:13 | Town Hall |
| 24:15 | Scout Tower |
| 24:16 | Scout Tower |
| 24:16 | Scout Tower |
| 24:17 | Scout Tower |
| 24:19 | Scout Tower |
| 24:19 | Scout Tower |
| 24:20 | Scout Tower |
| 24:20 | Scout Tower |
| 24:21 | Scout Tower |
| 24:22 | Scout Tower |
| 24:22 | Scout Tower |
| 24:24 | Scout Tower |
| 24:43 | Holy Light |
| 25:38 | Bash |
| 26:19 | Scout Tower |
| 26:20 | Scout Tower |
| 26:48 | Scout Tower |
| 26:49 | Scout Tower |
| 26:49 | Scout Tower |
| 26:50 | Scout Tower |
| 26:52 | Guard Tower |
| 27:01 | Guard Tower |
| 27:13 | Brilliance Aura |
| 27:24 | Scout Tower |
| 27:25 | Scout Tower |
| 27:25 | Scout Tower |
| 27:28 | Scout Tower |
| 28:04 | Scout Tower |
| 28:05 | Scout Tower |
| 28:06 | Scout Tower |
| 28:07 | Scout Tower |
| 28:08 | Scout Tower |
| 28:08 | Scout Tower |
| 28:09 | Scout Tower |
| 28:10 | Scout Tower |
| 28:12 | Guard Tower |
| 28:14 | Scout Tower |
| 28:15 | Scout Tower |
| 28:15 | Scout Tower |
| 28:16 | Scout Tower |
| 28:17 | Scout Tower |
| 28:18 | Scout Tower |
| 28:31 | Guard Tower |
| 28:38 | Town Hall |
| 28:39 | Guard Tower |
| 28:45 | Guard Tower |
| 28:50 | Scout Tower |
| 28:50 | Scout Tower |
| 28:51 | Scout Tower |
| 28:51 | Scout Tower |
| 29:04 | Guard Tower |
| 29:12 | Guard Tower |
| 29:15 | Priest Master Training |
| 29:23 | Guard Tower |
| 29:26 | Scout Tower |
| 29:26 | Scout Tower |
| 29:27 | Scout Tower |
| 29:27 | Scout Tower |
| 29:44 | Scout Tower |
| 29:44 | Scout Tower |
| 29:45 | Scout Tower |
| 29:46 | Scout Tower |
| 29:47 | Scout Tower |
| 29:48 | Scout Tower |
| 29:51 | Guard Tower |
| 29:54 | Scout Tower |
| 29:56 | Scout Tower |
| 29:56 | Scout Tower |
| 29:57 | Scout Tower |
| 29:58 | Scout Tower |
| 30:13 | Guard Tower |
| 30:51 | Guard Tower |
| 30:59 | Devotion Aura |
| 31:04 | Guard Tower |
| Right click | 1676 |
| Select group | 1444 |
| Select | 428 |
| Build/train/purchase | 176 |
| Misc. action | 129 |
| Use ability | 102 |
| Assign group | 16 |
| Chat | 11 |
| Item give/drop | 9 |
| Minimap ping | 5 |
| Esc | 3 |

| Lesser Clarity Potion | 15 | 1050 |
| Healing Salve | 3 | 300 |
| Orb of Lightning | 1 | 375 |
| Tiny Great Hall | 3 | 1800 |
| Boots of Speed | 1 | 250 |
| Staff of Teleportation | 1 | 150 |
| Scroll of Regeneration | 1 | 100 |
| total: | 25 | 4025g |
| Peon | 30 | 2250 | / | 0 |
| Troll Batrider | 12 | 1920 | / | 480 |
| total: | 42 | 4170g | / | 480w |
| Watch Tower | 58 | 6380 | / | 4640 |
| Altar of Storms | 1 | 180 | / | 50 |
| Orc Burrow | 4 | 640 | / | 160 |
| War Mill | 3 | 615 | / | 0 |
| Voodoo Lounge | 6 | 780 | / | 180 |
| Beastiary | 3 | 435 | / | 420 |
| Stronghold | 3 | 945 | / | 570 |
| Fortress | 2 | 650 | / | 380 |
| total: | 75 | 9030g | / | 5450w |
| 0:04 | Peon |
| 0:04 | Peon |
| 0:08 | Altar of Storms |
| 0:11 | Orc Burrow |
| 0:17 | Peon |
| 0:43 | Peon |
| 0:53 | War Mill |
| 1:05 | Peon |
| 1:43 | Voodoo Lounge |
| 1:46 | Peon |
| 1:46 | Peon |
| 1:46 | Voodoo Lounge |
| 1:50 | Peon |
| 2:03 | Peon |
| 2:04 | Peon |
| 2:07 | Watch Tower |
| 2:34 | Watch Tower |
| 2:44 | Wind Walk |
| 2:48 | Lesser Clarity Potion |
| 2:48 | Healing Salve |
| 2:49 | Lesser Clarity Potion |
| 2:49 | Lesser Clarity Potion |
| 2:55 | Watch Tower |
| 3:49 | Stronghold |
| 3:51 | Watch Tower |
| 4:59 | Watch Tower |
| 5:01 | Orc Burrow |
| 5:05 | Watch Tower |
| 5:05 | Watch Tower |
| 5:09 | Watch Tower |
| 5:47 | Critical Strike |
| 6:14 | Stronghold |
| 6:20 | Lesser Clarity Potion |
| 6:21 | Lesser Clarity Potion |
| 6:29 | Spiked Barricades |
| 7:33 | Orc Burrow |
| 8:47 | Fortress |
| 8:54 | Beastiary |
| 8:54 | Beastiary |
| 8:56 | Beastiary |
| 9:02 | Orc Burrow |
| 9:06 | Reinforced Defenses |
| 9:07 | Improved Spiked Barricades |
| 9:11 | Watch Tower |
| 9:11 | Watch Tower |
| 9:20 | Watch Tower |
| 10:01 | Lesser Clarity Potion |
| 10:02 | Healing Salve |
| 10:23 | Troll Batrider |
| 10:42 | Wind Walk |
| 10:54 | Steel Ranged Weapons |
| 10:55 | Troll Batrider |
| 11:00 | Boots of Speed |
| 11:01 | Staff of Teleportation |
| 11:19 | Liquid Fire |
| 11:20 | Troll Batrider |
| 12:03 | Troll Batrider |
| 12:46 | Troll Batrider |
| 13:02 | Watch Tower |
| 13:02 | Watch Tower |
| 13:03 | Watch Tower |
| 13:04 | Watch Tower |
| 13:05 | Watch Tower |
| 13:50 | Lesser Clarity Potion |
| 13:53 | Orb of Lightning |
| 13:58 | Tiny Great Hall |
| 14:06 | Peon |
| 14:06 | Peon |
| 14:36 | Critical Strike |
| 15:27 | Troll Batrider |
| 15:29 | Lesser Clarity Potion |
| 15:32 | Lesser Clarity Potion |
| 15:33 | Healing Salve |
| 15:44 | Peon |
| 15:44 | Peon |
| 15:44 | Peon |
| 15:50 | Watch Tower |
| 15:51 | Watch Tower |
| 15:51 | Watch Tower |
| 15:52 | Watch Tower |
| 15:53 | Peon |
| 15:53 | Peon |
| 15:54 | Peon |
| 16:13 | Voodoo Lounge |
| 16:15 | Voodoo Lounge |
| 16:26 | Voodoo Lounge |
| 16:59 | Voodoo Lounge |
| 17:30 | Thorium Ranged Weapons |
| 17:31 | Steel Armor |
| 17:34 | Watch Tower |
| 17:35 | Watch Tower |
| 18:12 | Troll Batrider |
| 19:27 | Troll Batrider |
| 20:32 | Watch Tower |
| 20:33 | Watch Tower |
| 20:33 | Watch Tower |
| 20:34 | Watch Tower |
| 20:41 | Watch Tower |
| 20:51 | Peon |
| 21:03 | Scroll of Regeneration |
| 21:06 | Lesser Clarity Potion |
| 21:08 | Lesser Clarity Potion |
| 21:24 | Thorium Armor |
| 21:28 | War Mill |
| 22:04 | Critical Strike |
| 22:05 | Critical Strike |
| 22:48 | Watch Tower |
| 22:54 | Watch Tower |
| 22:59 | Watch Tower |
| 22:59 | Watch Tower |
| 23:05 | Lesser Clarity Potion |
| 23:08 | Lesser Clarity Potion |
| 24:15 | Watch Tower |
| 24:16 | Watch Tower |
| 24:50 | Troll Batrider |
| 24:50 | Troll Batrider |
| 24:54 | Troll Batrider |
| 25:00 | Watch Tower |
| 25:01 | Watch Tower |
| 25:11 | Peon |
| 25:11 | Peon |
| 25:18 | Peon |
| 25:18 | Peon |
| 25:24 | Watch Tower |
| 25:26 | Watch Tower |
| 26:00 | Troll Batrider |
| 26:11 | Watch Tower |
| 26:12 | Watch Tower |
| 26:14 | Watch Tower |
| 26:17 | Watch Tower |
| 26:18 | Watch Tower |
| 26:21 | Watch Tower |
| 26:22 | Watch Tower |
| 26:29 | Arcanite Ranged Weapons |
| 26:30 | Arcanite Armor |
| 26:44 | Tiny Great Hall |
| 26:47 | Lesser Clarity Potion |
| 27:16 | Watch Tower |
| 27:16 | Watch Tower |
| 27:17 | Watch Tower |
| 27:24 | Watch Tower |
| 27:25 | Watch Tower |
| 27:29 | War Mill |
| 28:19 | Watch Tower |
| 28:20 | Watch Tower |
| 28:20 | Watch Tower |
| 28:45 | Peon |
| 28:45 | Peon |
| 28:46 | Peon |
| 28:54 | Peon |
| 28:54 | Peon |
| 29:05 | Watch Tower |
| 29:08 | Watch Tower |
| 29:53 | Lesser Clarity Potion |
| 29:55 | Tiny Great Hall |
| 30:02 | Watch Tower |
| 30:03 | Watch Tower |
| 30:03 | Watch Tower |
| 30:05 | Peon |
| 30:05 | Peon |
| 31:06 | Watch Tower |
| Right click | 1063 |
| Select group | 405 |
| Select | 246 |
| Build/train/purchase | 171 |
| Chat | 109 |
| Use ability | 48 |
| Misc. action | 28 |
| Assign group | 26 |
| Esc | 12 |
| Item give/drop | 4 |
| Remove unit | 2 |
147 units @ 22.6k
/ 3.3k
113 buildings @ 13.4k
/ 6.5k


| Scroll of Regeneration | 1 | 100 |
| Lesser Clarity Potion | 1 | 70 |
| total: | 2 | 170g |
| Peasant | 13 | 975 | / | 0 |
| Footman | 7 | 945 | / | 0 |
| Rifleman | 7 | 1435 | / | 210 |
| Sorceress | 2 | 310 | / | 40 |
| Priest | 2 | 270 | / | 20 |
| Spell Breaker | 1 | 215 | / | 30 |
| Knight | 3 | 735 | / | 180 |
| Gryphon Rider | 3 | 840 | / | 210 |
| Mortar Team | 10 | 1800 | / | 700 |
| total: | 48 | 7525g | / | 1390w |
| Scout Tower | 19 | 570 | / | 380 |
| Arcane Tower | 2 | 140 | / | 100 |
| Guard Tower | 7 | 490 | / | 350 |
| Altar of Kings | 1 | 180 | / | 50 |
| Farm | 14 | 1120 | / | 280 |
| Barracks | 2 | 320 | / | 120 |
| Blacksmith | 1 | 140 | / | 60 |
| Arcane Vault | 1 | 130 | / | 30 |
| Lumber Mill | 2 | 240 | / | 0 |
| Town Hall | 6 | 2310 | / | 1230 |
| Arcane Sanctum | 1 | 150 | / | 140 |
| Gryphon Aviary | 4 | 560 | / | 600 |
| Workshop | 1 | 140 | / | 140 |
| Keep | 1 | 320 | / | 210 |
| Castle | 1 | 360 | / | 210 |
| total: | 52 | 5860g | / | 3030w |
| 0:08 | Altar of Kings |
| 0:10 | Farm |
| 0:11 | Peasant |
| 0:16 | Farm |
| 0:23 | Peasant |
| 0:28 | Barracks |
| 0:33 | Peasant |
| 0:52 | Peasant |
| 1:18 | Farm |
| 1:20 | Peasant |
| 1:20 | Peasant |
| 1:20 | Peasant |
| 1:33 | Footman |
| 1:49 | Footman |
| 1:56 | Farm |
| 2:13 | Footman |
| 2:23 | Footman |
| 2:37 | Farm |
| 2:40 | Holy Light |
| 2:54 | Peasant |
| 2:54 | Peasant |
| 3:11 | Blacksmith |
| 3:14 | Farm |
| 3:43 | Footman |
| 4:09 | Farm |
| 4:23 | Rifleman |
| 4:51 | Arcane Vault |
| 4:53 | Rifleman |
| 5:03 | Iron Forged Swords |
| 5:07 | Iron Plating |
| 5:07 | Steel Plating |
| 5:37 | Rifleman |
| 6:05 | Lumber Mill |
| 6:11 | Footman |
| 6:16 | Devotion Aura |
| 6:38 | Town Hall |
| 7:13 | Scout Tower |
| 7:20 | Black Gunpowder |
| 7:28 | Scroll of Regeneration |
| 7:29 | Lesser Clarity Potion |
| 7:43 | Arcane Tower |
| 7:51 | Studded Leather Armor |
| 7:56 | Rifleman |
| 8:07 | Scout Tower |
| 8:19 | Scout Tower |
| 8:23 | Scout Tower |
| 8:25 | Scout Tower |
| 8:30 | Scout Tower |
| 8:34 | Rifleman |
| 8:36 | Keep |
| 8:40 | Guard Tower |
| 9:03 | Guard Tower |
| 9:11 | Divine Shield |
| 9:18 | Rifleman |
| 10:28 | Rifleman |
| 10:31 | Barracks |
| 11:13 | Castle |
| 11:15 | Refined Gunpowder |
| 11:19 | Peasant |
| 11:20 | Peasant |
| 11:26 | Peasant |
| 11:31 | Peasant |
| 11:37 | Arcane Tower |
| 11:44 | Improved Lumber Harvesting |
| 11:56 | Arcane Sanctum |
| 12:28 | Reinforced Leather Armor |
| 12:41 | Gryphon Aviary |
| 12:46 | Farm |
| 12:47 | Farm |
| 13:04 | Steel Forged Swords |
| 13:29 | Sorceress |
| 13:30 | Sorceress |
| 13:31 | Priest |
| 13:32 | Priest |
| 13:32 | Spell Breaker |
| 13:36 | Knight |
| 13:54 | Storm Bolt |
| 14:00 | Farm |
| 14:11 | Workshop |
| 14:36 | Knight |
| 14:47 | Gryphon Rider |
| 14:56 | Farm |
| 15:20 | Gryphon Rider |
| 15:31 | Knight |
| 15:39 | Footman |
| 15:44 | Control Magic |
| 15:46 | Sundering Blades |
| 16:06 | Long Rifles |
| 16:38 | Mithril Plating |
| 16:42 | Sorceress Adept Training |
| 18:00 | Scout Tower |
| 18:00 | Scout Tower |
| 18:25 | Mortar Team |
| 18:25 | Mortar Team |
| 18:25 | Mortar Team |
| 18:50 | Guard Tower |
| 19:49 | Mithril Forged Swords |
| 19:51 | Imbued Gunpowder |
| 19:57 | Gryphon Aviary |
| 19:58 | Gryphon Aviary |
| 20:22 | Mortar Team |
| 20:26 | Gryphon Aviary |
| 20:33 | Town Hall |
| 20:38 | Town Hall |
| 20:41 | Scout Tower |
| 20:41 | Scout Tower |
| 20:42 | Scout Tower |
| 20:42 | Scout Tower |
| 20:46 | Scout Tower |
| 20:47 | Scout Tower |
| 20:48 | Scout Tower |
| 20:49 | Scout Tower |
| 20:50 | Scout Tower |
| 20:57 | Lumber Mill |
| 21:31 | Farm |
| 21:35 | Guard Tower |
| 21:38 | Guard Tower |
| 21:42 | Scout Tower |
| 21:42 | Scout Tower |
| 22:44 | Farm |
| 22:44 | Farm |
| 22:48 | Gryphon Rider |
| 23:14 | Guard Tower |
| 23:37 | Guard Tower |
| 24:50 | Town Hall |
| 25:24 | Town Hall |
| 25:35 | Mortar Team |
| 25:35 | Mortar Team |
| 25:35 | Mortar Team |
| 26:23 | Mortar Team |
| 26:24 | Fragmentation Shards |
| 26:49 | Town Hall |
| 28:32 | Mortar Team |
| 28:32 | Mortar Team |
| 29:53 | Flare |
| 30:12 | Holy Light |
| Right click | 747 |
| Select | 461 |
| Misc. action | 225 |
| Select group | 190 |
| Build/train/purchase | 101 |
| Use ability | 25 |
| Minimap ping | 20 |
| Assign group | 13 |
| Remove unit | 5 |
| Resource trade | 5 |
| Item give/drop | 1 |


| Peon | 12 | 900 | / | 0 |
| Grunt | 12 | 2400 | / | 0 |
| Troll Headhunter | 3 | 420 | / | 60 |
| Raider | 8 | 1440 | / | 320 |
| Shaman | 4 | 520 | / | 80 |
| Troll Witch Doctor | 2 | 290 | / | 50 |
| Troll Berserker | 3 | 420 | / | 60 |
| Tauren | 1 | 280 | / | 80 |
| total: | 45 | 6670g | / | 650w |
| Watch Tower | 6 | 660 | / | 480 |
| Barracks | 1 | 180 | / | 50 |
| Altar of Storms | 1 | 180 | / | 50 |
| Orc Burrow | 8 | 1280 | / | 320 |
| War Mill | 1 | 205 | / | 0 |
| Great Hall | 3 | 1155 | / | 555 |
| Spirit Lodge | 1 | 150 | / | 150 |
| Beastiary | 1 | 145 | / | 140 |
| Tauren Totem | 1 | 135 | / | 155 |
| Stronghold | 1 | 315 | / | 190 |
| Fortress | 1 | 325 | / | 190 |
| total: | 23 | 4090g | / | 1900w |
| 0:08 | Barracks |
| 0:14 | Altar of Storms |
| 0:15 | Peon |
| 0:15 | Peon |
| 0:34 | Orc Burrow |
| 0:52 | Peon |
| 1:22 | Peon |
| 1:26 | Peon |
| 1:49 | Grunt |
| 1:56 | Pillage |
| 2:14 | Orc Burrow |
| 2:17 | Orc Burrow |
| 2:42 | War Mill |
| 2:49 | Feral Spirit |
| 3:08 | Stronghold |
| 3:33 | Grunt |
| 3:45 | Grunt |
| 4:06 | Orc Burrow |
| 4:14 | Steel Melee Weapons |
| 4:25 | Spiked Barricades |
| 4:30 | Troll Headhunter |
| 5:02 | Steel Ranged Weapons |
| 5:02 | Steel Armor |
| 5:24 | Thorium Armor |
| 5:36 | Peon |
| 5:36 | Peon |
| 5:36 | Peon |
| 5:45 | Chain Lighting |
| 6:04 | Berserker Strength |
| 6:06 | Grunt |
| 6:06 | Grunt |
| 6:06 | Grunt |
| 6:20 | Troll Regeneration |
| 7:18 | Thorium Melee Weapons |
| 7:24 | Spirit Lodge |
| 7:54 | Beastiary |
| 7:59 | Feral Spirit |
| 8:04 | Improved Spiked Barricades |
| 8:25 | Watch Tower |
| 8:46 | Watch Tower |
| 8:56 | Grunt |
| 8:57 | Grunt |
| 8:57 | Grunt |
| 8:57 | Grunt |
| 9:01 | Witch Doctor Adept Training |
| 9:27 | Ensnare |
| 9:28 | Raider |
| 9:43 | Orc Burrow |
| 9:50 | Troll Headhunter |
| 9:51 | Troll Headhunter |
| 10:07 | Orc Burrow |
| 10:38 | Reinforced Defenses |
| 11:13 | Raider |
| 11:13 | Raider |
| 11:13 | Raider |
| 12:22 | Watch Tower |
| 12:26 | Watch Tower |
| 12:30 | Watch Tower |
| 13:12 | Watch Tower |
| 13:20 | Shaman |
| 13:20 | Shaman |
| 13:54 | Shaman Adept Training |
| 14:40 | Great Hall |
| 15:29 | Fortress |
| 17:26 | War Stomp |
| 17:32 | Peon |
| 17:32 | Peon |
| 17:32 | Peon |
| 17:32 | Peon |
| 18:25 | Berserker Upgrade |
| 18:28 | Witch Doctor Master Training |
| 18:29 | Shaman Master Training |
| 18:31 | Grunt |
| 18:31 | Grunt |
| 19:03 | Troll Witch Doctor |
| 19:03 | Shaman |
| 19:11 | Shaman |
| 19:27 | Troll Berserker |
| 19:27 | Troll Berserker |
| 19:44 | Troll Berserker |
| 20:10 | Raider |
| 20:44 | Raider |
| 20:44 | Raider |
| 21:27 | Orc Burrow |
| 21:33 | Tauren Totem |
| 22:57 | Troll Witch Doctor |
| 23:03 | Pulverize |
| 23:06 | Tauren |
| 23:42 | Raider |
| 23:55 | Orc Burrow |
| 24:33 | Great Hall |
| 25:06 | Great Hall |
| Right click | 581 |
| Select | 374 |
| Build/train/purchase | 98 |
| Use ability | 27 |
| Select group | 23 |
| Assign group | 6 |
| Misc. action | 6 |
| Remove unit | 3 |
| Minimap ping | 1 |


| Scroll of Town Portal | 1 | 350 |
| total: | 1 | 350g |
| Peasant | 20 | 1500 | / | 0 |
| Footman | 5 | 675 | / | 0 |
| Rifleman | 12 | 2460 | / | 360 |
| Gryphon Rider | 6 | 1680 | / | 420 |
| Siege Engine | 2 | 390 | / | 120 |
| Mortar Team | 2 | 360 | / | 140 |
| Knight | 3 | 735 | / | 180 |
| Priest | 2 | 270 | / | 20 |
| Sorceress | 2 | 310 | / | 40 |
| total: | 54 | 8380g | / | 1280w |
| Scout Tower | 15 | 450 | / | 300 |
| Arcane Tower | 7 | 490 | / | 350 |
| Guard Tower | 4 | 280 | / | 200 |
| Altar of Kings | 1 | 180 | / | 50 |
| Farm | 13 | 1040 | / | 260 |
| Barracks | 1 | 160 | / | 60 |
| Arcane Vault | 1 | 130 | / | 30 |
| Blacksmith | 1 | 140 | / | 60 |
| Lumber Mill | 1 | 120 | / | 0 |
| Town Hall | 2 | 770 | / | 410 |
| Gryphon Aviary | 1 | 140 | / | 150 |
| Arcane Sanctum | 1 | 150 | / | 140 |
| Workshop | 1 | 140 | / | 140 |
| Keep | 1 | 320 | / | 210 |
| Castle | 1 | 360 | / | 210 |
| total: | 38 | 3420g | / | 1600w |
| 0:04 | Peasant |
| 0:04 | Peasant |
| 0:10 | Altar of Kings |
| 0:15 | Peasant |
| 0:21 | Farm |
| 0:35 | Barracks |
| 0:38 | Peasant |
| 0:58 | Peasant |
| 1:02 | Farm |
| 1:05 | Peasant |
| 1:27 | Peasant |
| 1:39 | Farm |
| 1:41 | Footman |
| 2:00 | Footman |
| 2:04 | Peasant |
| 2:15 | Holy Light |
| 2:16 | Footman |
| 2:23 | Farm |
| 2:34 | Arcane Vault |
| 2:45 | Footman |
| 3:04 | Farm |
| 3:33 | Footman |
| 3:41 | Blacksmith |
| 3:47 | Farm |
| 4:48 | Divine Shield |
| 5:04 | Farm |
| 5:06 | Rifleman |
| 5:07 | Rifleman |
| 5:07 | Rifleman |
| 5:12 | Lumber Mill |
| 5:14 | Keep |
| 5:45 | Farm |
| 6:27 | Town Hall |
| 6:57 | Scout Tower |
| 7:29 | Arcane Tower |
| 7:46 | Scout Tower |
| 8:00 | Peasant |
| 8:00 | Peasant |
| 8:22 | Arcane Tower |
| 8:32 | Scout Tower |
| 8:42 | Scout Tower |
| 8:43 | Scout Tower |
| 9:03 | Peasant |
| 9:03 | Peasant |
| 9:05 | Arcane Tower |
| 9:10 | Scout Tower |
| 9:52 | Scout Tower |
| 9:53 | Arcane Tower |
| 10:00 | Arcane Tower |
| 10:07 | Rifleman |
| 10:07 | Rifleman |
| 10:10 | Black Gunpowder |
| 10:10 | Studded Leather Armor |
| 10:23 | Scout Tower |
| 10:26 | Arcane Tower |
| 11:14 | Holy Light |
| 11:39 | Scout Tower |
| 12:01 | Rifleman |
| 12:01 | Rifleman |
| 12:06 | Storm Bolt |
| 12:12 | Improved Lumber Harvesting |
| 12:12 | Improved Masonry |
| 12:14 | Refined Gunpowder |
| 12:14 | Reinforced Leather Armor |
| 12:16 | Rifleman |
| 12:16 | Rifleman |
| 13:24 | Town Hall |
| 13:26 | Arcane Tower |
| 13:39 | Peasant |
| 13:39 | Peasant |
| 13:39 | Peasant |
| 14:35 | Rifleman |
| 14:35 | Rifleman |
| 14:38 | Iron Forged Swords |
| 15:08 | Farm |
| 15:12 | Farm |
| 15:13 | Advanced Masonry |
| 15:47 | Peasant |
| 15:47 | Peasant |
| 15:47 | Peasant |
| 16:09 | Farm |
| 16:49 | Farm |
| 17:57 | Scroll of Town Portal |
| 18:16 | Scout Tower |
| 18:51 | Peasant |
| 18:51 | Peasant |
| 19:13 | Scout Tower |
| 19:20 | Castle |
| 19:24 | Gryphon Aviary |
| 19:38 | Steel Forged Swords |
| 20:19 | Scout Tower |
| 20:20 | Guard Tower |
| 20:28 | Rifleman |
| 20:29 | Long Rifles |
| 20:39 | Arcane Sanctum |
| 20:54 | Guard Tower |
| 20:57 | Scout Tower |
| 21:10 | Workshop |
| 22:36 | Gryphon Rider |
| 22:37 | Gryphon Rider |
| 22:37 | Gryphon Rider |
| 22:38 | Siege Engine |
| 22:38 | Siege Engine |
| 22:39 | Mortar Team |
| 22:39 | Mortar Team |
| 22:42 | Farm |
| 22:53 | Knight |
| 22:53 | Knight |
| 23:04 | Priest |
| 23:04 | Priest |
| 23:04 | Sorceress |
| 23:05 | Sorceress |
| 23:11 | Guard Tower |
| 26:34 | Knight |
| 26:46 | Gryphon Rider |
| 26:46 | Gryphon Rider |
| 26:46 | Gryphon Rider |
| 26:47 | Storm Hammers |
| 27:05 | Imbued Gunpowder |
| 27:05 | Dragonhide Armor |
| 28:47 | Scout Tower |
| 28:53 | Mithril Forged Swords |
| 28:56 | Imbued Masonry |
| 28:57 | Advanced Lumber Harvesting |
| 29:49 | Guard Tower |
| 29:52 | Scout Tower |
| Right click | 559 |
| Select group | 310 |
| Select | 259 |
| Build/train/purchase | 91 |
| Assign group | 29 |
| Use ability | 21 |
| Misc. action | 2 |
| Remove unit | 2 |
⇛